 Dungeon Crawl Stone Soup version 0.32-a0-872-g59262bdc9b (webtiles) character file.

Game seed: 15265184246009625665

133 Ajdolov the Trooper (level 5, -2/30 HPs)
             Began as a Vine Stalker Monk on Mar 30, 2024.
             Slain by a sleepcap (10 damage)
             ... on level 4 of the Dungeon.
             The game lasted 00:01:53 (1502 turns).

Ajdolov the Trooper (Vine Stalker Monk)             Turns: 1502, Time: 00:01:54

Health: -2/30      AC:  2    Str: 16    XL:     5   Next: 16%
Magic:  0/6        EV:  2    Int: 10    God:
Gold:   96         SH:  0    Dex: 16    Spells: 4/4 levels left

rFire   . . .        a - +0 falchion
rCold   + . .        d - orb {light}
rNeg    . . .        b - +0 robe
rPois   .            (no helmet)
rElec   .            (no cloak)
rCorr   .            (no gloves)
SInv    .            (no boots)
Will    .....        (no amulet)
Stlth   +            h - ring of protection from cold
HPRegen 1.05/turn    (no ring)
MPRegen 0.10/turn

%: guardian spirit
@: sleeping, glowing
A: fangs 2, regeneration 1, magic shield, antimagic bite, no potion heal 2
a: no special abilities


You were on level 4 of the Dungeon.
You visited 1 branch of the dungeon, and saw 4 of its levels.

You collected 96 gold pieces.

Inventory:

Hand Weapons
 a - a +0 falchion (weapon)
Missiles
 p - a throwing net (quivered)
Armour
 b - a +0 robe (worn)
 d - an orb of light (worn)
Jewellery
 h - a ring of protection from cold (left hand)
 n - a +6 ring of intelligence
Scrolls
 e - 4 scrolls of vulnerability {unknown}
 f - a scroll of fear {unknown}
 i - 5 scrolls of teleportation {unknown}
 j - 2 scrolls of silence {unknown}
 l - a scroll of enchant weapon {unknown}
 q - a scroll of torment {unknown}
Potions
 c - a potion of ambrosia
 g - 3 potions of heal wounds {unknown}
 k - 2 potions of attraction {unknown}
 m - a potion of mutation {unknown}
 o - a potion of magic {unknown}


   Skills:
 - Level 5.0 Fighting
 + Level 3.0 Long Blades
 - Level 2.4 Dodging


You had 4 spell levels left.
You didn't know any spells.
Your spell library was empty.

Dungeon Overview and Level Annotations

Branches:
Dungeon (4/15)
 Temple: D:4-7

Altars:
Nemelex Xobeh

Annotations:
D:3 3 runed translucent doors, NigelTetley's ghost, weakling DgSh


Innate Abilities, Weirdness & Mutations

You have extremely sharp teeth.
Your natural rate of healing is unusually fast.
When hurt, damage is shared between your health and your magic reserves.
Your bite disrupts and absorbs the magic of your enemies.
Potions cannot restore your health.


Message History

You slash the sleepcap!
You bite the sleepcap, but do no damage.
The sleepcap is moderately damaged.
The sleepcap releases spores at you.
You completely miss the sleepcap. You bite the sleepcap. You drain its power.
You feel invigorated.
The sleepcap is moderately damaged.
The sleepcap releases spores at you.
You hit the sleepcap but do no damage.
The sleepcap is moderately damaged.
The sleepcap barely misses you. The sleepcap releases spores at you.
You hit the sleepcap.
The sleepcap is heavily damaged.
The sleepcap releases spores at you.
You are engulfed in a cloud of soporific spores!
You fall asleep.
The sleepcap barely misses you. The sleepcap releases spores at you.
You wake up.
You hit the sleepcap.
You bite the sleepcap, but do no damage.
The sleepcap is severely damaged.
The sleepcap releases spores at you.
You are engulfed in a cloud of soporific spores!
You are unaffected.
You hit the sleepcap.
You bite the sleepcap, but do no damage.
The sleepcap is severely damaged.
The sleepcap releases spores at you!
You hit the sleepcap.
You bite the sleepcap, but do no damage.
The sleepcap is almost destroyed.
The sleepcap misses you.
You hit the sleepcap but do no damage.
The sleepcap is almost destroyed.
The sleepcap releases spores at you.
* * * LOW HITPOINT WARNING * * *
You are engulfed in a cloud of soporific spores!
You fall asleep.
The sleepcap releases spores at you!
You die...

#....)# ###.........#
##....####.........###
......##..........##
..........####...##
##......### ##..#
##.....## #.##
.......# ##.###
.......# #.#.#
###....# #@f.# ##...##
##.#.#
####..).#######..# .#
................##..#
........†..........#
..................##
.[..#.............#
..................#
###...............#


You could see a sleepcap.

Vanquished Creatures
  An orc wizard (D:3)
  4 adders
  3 dart slugs
  A ribbon worm (D:2)
  4 orcs
  7 endoplasms
  2 giant cockroaches
  A goblin (D:4)
  2 hobgoblins
  7 jackals
  7 kobolds
  3 quokkas
  5 ball pythons
  4 bats (D:1)
  4 frilled lizards
  A rat (D:2)
56 creatures vanquished.

Notes
Turn   | Place    | Note
-------+----------+-------------------------------------------
     0 | D:1      | Ajdolov the Vine Stalker Monk began the quest for the Orb.
     0 | D:1      | Reached XP level 1. HP: 11/11 MP: 2/2
    31 | D:1      | Reached skill level 3 in Fighting
    34 | D:1      | Reached XP level 2. HP: 16/16 MP: 3/3
   225 | D:1      | Reached XP level 3. HP: 21/21 MP: 4/4
   284 | D:1      | You fall into a shaft and drop 1 floor!
   424 | D:2      | Reached skill level 4 in Fighting
   669 | D:3      | Found a sparkling altar of Nemelex Xobeh.
   721 | D:3      | Found a runed translucent gate.
   721 | D:3      | Found a runed translucent gate.
   722 | D:3      | Found a runed translucent gate.
   725 | D:3      | Noticed NigelTetley's ghost (weakling DgSh)
   757 | D:3      | Reached XP level 4. HP: 22/26 MP: 3/5
  1162 | D:3      | Reached skill level 5 in Fighting
  1199 | D:3      | Reached XP level 5. HP: 29/30 MP: 6/6
  1502 | D:4      | Slain by a sleepcap

Illustrated notes

Levels and vault maps discovered:
D:1:      dpeg_arrival_court, layout_basic
D:2:      layout_rooms
D:3:      layout_basic, nicolae_overflow_hidden_temple,
          ebering_ghost_rock_garden
D:4:      black_bear_nest_1, layout_layer_cave, serial_shops, shop

Skill      XL: |  1  2  3  4  5 |
---------------+----------------+-----
Fighting       | 3 4 5 |  5.0
Long Blades    | 3 |  3.0
Dodging        | |  2.4

Action                     |  1- 3 |  4- 6 || total
---------------------------+-------+-------++-------
  Melee: Falchion          |    76 |    54 ||   130
         Bite              |    19 |    17 ||    36
 Armour: Robe              |    33 |    36 ||    69
  Dodge: Dodged            |    55 |    42 ||    97

Table legend: (Time is in decaauts)
 A = Elapsed time spent in this place.
 B = Non-inter-level travel time spent in this place.
 C = Inter-level travel time spent in this place.
 D = Time resting spent in this place.
 E = Time spent auto-exploring this place.
 F = Levels seen in this place.
 G = Mean time per level.
                   A        B        C        D        E       F      G
               +--------+--------+--------+--------+--------+-----+--------+
         Total |   1523 |   1463 |     60 |      0 |   1130 |   4 |  380.8 |
       Dungeon |   1523 |   1463 |     60 |      0 |   1130 |   4 |  380.8 |
               +--------+--------+--------+--------+--------+-----+--------+

Top non-repeatable levels by time:
     D:3: 738 daAuts
     D:2: 389 daAuts
     D:1: 291 daAuts
     D:4: 103 daAuts
